 Dungeon Crawl Stone Soup version 0.32-a0-913-g739538afd8 (webtiles) character file.

Game seed: 9640790028784077127

1709 Chimkentus the Ruffian (level 9, -1/90 HPs)
             Began as an Octopode Shapeshifter on Apr 9, 2024.
             Was an Initiate of Okawaru.
             Slain by a sky beast (5 damage)
             ... on level 7 of the Dungeon.
             The game lasted 00:30:10 (6546 turns).

Chimkentus the Ruffian (Octopode Shapeshifter)      Turns: 6546, Time: 00:30:11

Health: -1/90      AC:  1    Str: 18    XL:     9   Next: 3%
Magic:  9/9        EV: 12    Int: 12    God:    Okawaru [......]
Gold:   88         SH:  0    Dex: 11    Spells: 6/8 levels left

rFire   . .          .
                       - Unarmed
rCold   . . .        (no shield)
rNeg    . . .        (helmet currently unavailable)
rPois   .            (no amulet)
rElec   .            (no ring)
rCorr   .            (no ring)
SInv    .            (no ring)
Will    .....        (no ring) Stlth
                     (no ring)
HPRegen 0.35/turn    (no ring)
MPRegen 0.11/turn    (no ring)
                     (no ring)

%: no passive effects
@: berserking, beast-form, very quick
A: beast (slay +3), almost no armour, amphibious, 8 rings, camouflage 1,
gelatinous body 1, (nimble swimmer 1), tentacles
a: Begin Untransformation, Renounce Religion


You were on level 7 of the Dungeon.
You worshipped Okawaru.
Okawaru was noncommittal.
You were a hulking beast.
You visited 2 branches of the dungeon, and saw 8 of its levels.

You collected 451 gold pieces.
You spent 363 gold pieces at shops.

Inventory:

Hand Weapons
 q - a +8 sling
Missiles
 h - 63 stones
 A - 3 poisoned darts (quivered)
Jewellery
 m - a ring of ice
Talismans
 b - a beast talisman (active)
 c - a flux talisman
 s - a blade talisman
Scrolls
 k - a scroll of poison
 l - a scroll of blinking
 r - a scroll of fear
 u - a scroll of enchant armour {unknown}
 v - a scroll of vulnerability
 w - a scroll of torment {unknown}
 x - a scroll of immolation {unknown}
 y - a scroll of amnesia {unknown}
 z - a scroll of teleportation {unknown}
 B - a scroll of revelation {unknown}
Potions
 a - 5 potions of lignification
 d - 2 potions of magic
 e - a potion of brilliance {unknown}
 f - a potion of resistance
 g - 2 potions of haste
 i - 6 potions of heal wounds
 j - 4 potions of curing
 n - a potion of berserk rage
 o - a potion of mutation {unknown}
 p - 2 potions of cancellation {unknown}
 t - 2 potions of ambrosia {unknown}


   Skills:
 * Level 4.9 Fighting
 + Level 4.4 Throwing
 + Level 3.3 Dodging
 - Level 3.1 Stealth
 + Level 6.7 Unarmed Combat
 + Level 1.6 Evocations
 * Level 5.5 Shapeshifting


You had 6 spell levels left.
You knew the following spells:

 Your Spells              Type           Power      Damage    Failure   Level
a - Jinxbite              Hex            0%         N/A       45%         2

Your spell library contained the following spells:

 Spells                   Type           Power      Damage    Failure   Level
 Static Discharge         Conj/Air       0%         3-3/arc   45%         2
 Passwall                 Erth           0%         N/A       69%         3
 Volatile Blastmotes      Fire/Tloc      0%         2d10      69%         3
 Airstrike                Air            0%         2d(0-16)  97%         4
 Dimensional Bullseye     Hex/Tloc       0%         N/A       97%         4
 Iskenderun's Mystic Bla Conj/Tloc 0%             2d3        (+2d1     97%         4
 Leda's Liquefaction      Alch/Erth      0%         N/A       97%         4
 Vhi's Electric Charge    Tloc/Air       0%         N/A       97%         4
 Lee's Rapid Deconstruct  Erth           0%         3d4*      100%        5
 Yara's Violent Unravell  Hex/Alch       0%         3d3       100%        5
 Bombard                  Conj/Erth      0%         9d1       100%        6
 Permafrost Eruption      Ice/Erth       0%         2x4d1     100%        6
 Enfeeble                 Hex            0%         N/A       100%        7
 Tukima's Dance           Hex            Unusable   N/A       N/A         3
 Summon Lightning Spire   Summ/Air       Unusable   N/A       N/A         4

Dungeon Overview and Level Annotations

Branches:
Dungeon (7/15)             Temple (1/1) D:7

Altars:
Cheibriados
Dithmenos
Elyvilon
Fedhas
Gozag
Kikubaaqudgha
Makhleb
Nemelex Xobeh
Okawaru
Sif Muna
Trog
Uskayaw
Vehumet
Wu Jian
Xom
Yredelemnul
Zin
The Shining One

Shops:
D:3 !   D:4 (   D:5 *

Annotations:
D:7 3 exclusions


Innate Abilities, Weirdness & Mutations

You are a hulking beast.
Your limbs bulge with bestial killing power. (Slay +3)
You cannot wear most types of armour.
You are amphibious.
You can wear up to eight rings at the same time.
Your skin changes colour to match your surroundings (Stealth+).
Your rubbery body absorbs attacks. (AC +1, EV +1)
((You are camouflaged when in or above water. (Stealth+)))
You have tentacles for arms and can constrict up to eight enemies at once.


Message History

Your experience leads to an increase in your attributes!
Increase (S)trength, (I)ntelligence, or (D)exterity?
You feel stronger. x2
Found a knobbly gilded ring.
Things that are here:
a +0 troll leather armour; a troll corpse
m - a ring of ice
A - a poisoned dart
A - 3 poisoned darts (gained 2)
You now have 74 gold pieces (gained 5).
Found a wand of charming (6).
You now have 88 gold pieces (gained 14).
You see here 2 potions of curing.
j - 4 potions of curing (gained 2)
The sky beast flickers out of sight!
Deactivating autopickup; reactivate with Ctrl-A.
Something completely misses you.
You bludgeon something!
Your tentacle-slap misses something.
Something hits you. Something shocks you.
You closely miss something. Something hits you. Something shocks you.
You tentacle-slap something but do no damage.
Something hits you. Something shocks you.
You closely miss something. Your squeeze misses something. Something hits you.
Something shocks you.
You bludgeon something! Your squeeze misses something. Something hits you.
Something shocks you.
You barely miss something. Something hits you.
* * * LOW HITPOINT WARNING * * *
Something shocks you.
* * * LOW HITPOINT WARNING * * *
A red film seems to cover your vision as you go berserk!
You feel yourself moving faster!
You feel mighty! Something hits you.
* * * LOW HITPOINT WARNING * * *
Something shocks you.
* * * LOW HITPOINT WARNING * * *
You closely miss something. You closely miss something.
Your squeeze misses something. Something hits you.
* * * LOW HITPOINT WARNING * * *
Something shocks you.
You die...

#.#.## #.#..## #.##..#
######## #.###.## ###
#......# ##.# #..# #..
#......# #..# ##.###..
#......# #.## #.##...
#......# #.#####......
#....h.# #............
#......# #.......#....
#......###.......##...
#........#.......###..
#................# #.#
#.........#.#......#..
######....<..######.###
##............#### ..#
#...............)##
#.##


There were no monsters in sight!

Vanquished Creatures
  A troll (D:7)
  An ice beast (D:7)
  3 sky beasts
  A black bear (D:6)
  A centaur (D:7)
  A phantom (D:5)
  A kobold brigand (D:7)
  A bullfrog (D:7)
  A scorpion (D:5)
  2 hounds
  An orc priest (D:6)
  A bombardier beetle (D:3)
  Crazy Yiuf (D:3)
  3 jellies
  2 iguanas
  4 orc wizards
  8 gnolls
  8 adders
  2 shadow imps
  3 white imps
  4 ufetubi
  5 dart slugs
  11 orcs
  5 endoplasms
  2 giant cockroaches
  7 hobgoblins
  5 jackals
  3 quokkas
  7 ball pythons
  A frilled lizard (D:1)
  5 goblins
  8 kobolds
  5 rats
114 creatures vanquished.

Notes
Turn   | Place    | Note
-------+----------+-------------------------------------------
     0 | D:1      | Chimkentus the Octopode Shapeshifter began the quest for
                  | the Orb.
     0 | D:1      | Reached XP level 1. HP: 13/13 MP: 1/1
   167 | D:1      | Reached XP level 2. HP: 14/18 MP: 2/2
   615 | D:1      | Reached XP level 3. HP: 22/23 MP: 3/3
  1050 | D:2      | Reached skill level 1 in Stealth
  1500 | D:2      | Reached XP level 4. HP: 20/28 MP: 4/4
  1796 | D:3      | Found Utoeradd's Distillery.
  1802 | D:3      | Bought a potion of curing for 39 gold pieces
  1802 | D:3      | Bought a potion of lignification for 39 gold pieces
  1802 | D:3      | Bought a potion of berserk rage for 65 gold pieces
  2092 | D:3      | Found a shadowy altar of Dithmenos.
  2322 | D:3      | Reached XP level 5. HP: 30/34 MP: 5/5
  2392 | D:3      | Found a runed translucent door.
  2393 | D:3      | Noticed Crazy Yiuf
  2507 | D:3      | Killed Crazy Yiuf
  2970 | D:4      | Reached skill level 4 in Unarmed Combat
  2986 | D:4      | Reached XP level 6. HP: 27/41 MP: 6/6
  3031 | D:4      | Reached skill level 1 in Throwing
  3265 | D:4      | Found Leexalut's Antique Weapon Shop.
  3456 | D:5      | Entered Level 5 of the Dungeon
  3652 | D:3      | Bought a potion of resistance for 130 gold pieces
  4199 | D:5      | Reached XP level 7. HP: 46/46 MP: 7/7
  4277 | D:5      | Found Deink's Assorted Antiques.
  4388 | D:5      | Bought a scroll labelled ORIOSA ETUFUPH for 24 gold pieces
  4472 | D:5      | Bought a scroll labelled TIK APOCAUTA for 24 gold pieces
  4710 | D:6      | Reached skill level 5 in Unarmed Combat
  4956 | D:6      | Learned a level 2 spell: Jinxbite
  4958 | D:6      | Found a radiant altar of Vehumet.
  4989 | D:6      | Reached XP level 8. HP: 54/54 MP: 8/8
  5492 | D:5      | Bought a green potion for 21 gold pieces
  5492 | D:5      | Bought a purple potion for 21 gold pieces
  5561 | D:7      | Reached skill level 5 in Shapeshifting
  5658 | D:7      | Found a shimmering altar of Xom.
  5658 | D:7      | Found a hide-covered altar of Uskayaw.
  5694 | D:7      | Reached skill level 1 in Evocations
  5709 | D:7      | Reached skill level 6 in Unarmed Combat
  6166 | D:7      | Found a staircase to the Ecumenical Temple.
  6172 | Temple   | Entered the Ecumenical Temple
  6181 | Temple   | Became a worshipper of Warmaster Okawaru
  6374 | D:7      | Noticed a troll
  6383 | D:7      | Killed a troll
  6384 | D:7      | Reached XP level 9. HP: 32/60 MP: 9/9
  6546 | D:7      | HP: 4/90 [something (4)]
  6546 | D:7      | Slain by a sky beast

Illustrated notes

Levels and vault maps discovered:
D:1:      dpeg_arrival_shrine, layout_basic, serial_rivers,
          chequers_serial_rivers_large_a, chequers_serial_rivers_micro_b,
          chequers_serial_rivers_micro_c, chequers_serial_rivers_small_3
D:2:      layout_loops_ring, minivault_5, serial_park_tiny_2,
          kennysheep_generic_room_6
D:3:      layout_loops_cross, nicolae_dithmenos_through_a_glass_darkly,
          serial_shops, shop, saegor_snake_ambush, uniq_crazy_yiuf_cottage
D:4:      layout_basic, serial_shops, shop
D:5:      layout_basic, serial_shops,
          nicolae_shop_temple_entry_statues_fountains
D:6:      layout_cave_pods, mainiacjoe_overflow_alcove_1, nrook_campfire
D:7:      lemuel_ice_spiral_2, layout_rooms, mainiacjoe_overflow_divided_tiny,
          temple_statues, serial_rivers, chequers_serial_rivers_micro_e,
          chequers_serial_rivers_room_a, chequers_serial_rivers_micro_b,
          chequers_serial_rivers_marsh, uniq_maggie
Temple:   minmay_temple_curvy_branch

Skill      XL: |  1  2  3  4  5  6  7  8 |
---------------+-------------------------+-----
Stealth        | 1 2 3 |  3.1
Fighting       | 2 3 4 |  4.9
Shapeshifting  | 4 5 |  5.5
Unarmed Combat | 4 5 6 |  6.7
Throwing       | 1 3 4 |  4.4
Dodging        | 3 |  3.3
Evocations     | 1 |  1.6

Action                     |  1- 3 |  4- 6 |  7- 9 || total
---------------------------+-------+-------+-------++-------
  Melee: Unarmed           |    56 |    76 |    89 ||   221
         Constrict         |    19 |    28 |    15 ||    62
         Tentacles         |     8 |    19 |    18 ||    45
         Punch             |     3 |     2 |     5 ||    10
  Throw: Stone             |     7 |       |       ||     7
         Boomerang         |       |    19 |    24 ||    43
         Dart              |       |     7 |    12 ||    19
  Evoke: Wand              |       |     3 |     7 ||    10
    Use: Potion            |       |     2 |     2 ||     4
         Scroll            |       |     5 |     6 ||    11
   Stab: Sleeping          |    12 |     8 |     3 ||    23
         Distracted        |       |       |     1 ||     1
 Armour: Skin              |    16 |    33 |    55 ||   104
  Dodge: Dodged            |    26 |    23 |    38 ||    87

Table legend: (Time is in decaauts)
 A = Elapsed time spent in this place.
 B = Non-inter-level travel time spent in this place.
 C = Inter-level travel time spent in this place.
 D = Time resting spent in this place.
 E = Time spent auto-exploring this place.
 F = Levels seen in this place.
 G = Mean time per level.
                   A        B        C        D        E       F      G
               +--------+--------+--------+--------+--------+-----+--------+
         Total |   6531 |   6100 |    431 |    465 |   4450 |   8 |  816.4 |
       Dungeon |   6513 |   6097 |    416 |    465 |   4450 |   7 |  930.4 |
        Temple |     17 |      2 |     15 |      0 |      0 |   1 |   17.0 |
               +--------+--------+--------+--------+--------+-----+--------+

Top non-repeatable levels by time:
     D:5: 1146 daAuts
     D:3: 1034 daAuts
     D:7: 953 daAuts
     D:4: 943 daAuts
     D:1: 894 daAuts
     D:6: 809 daAuts
     D:2: 732 daAuts
  Temple: 17 daAuts
